 Dungeon Crawl Stone Soup version 0.25.1-8-g42b30a86e7 (webtiles) character file.

Game seed: 87811599346420530

1117 hehateme the Skirmisher (level 8, -5/62 HPs)
             Began as a Human Fighter on Dec 9, 2020.
             Was an Initiate of Gozag.
             Killed from afar by an electric eel (8 damage)
             ... with a bolt of electricity
             ... on level 6 of the Dungeon.
             The game lasted 00:12:59 (6789 turns).

hehateme the Skirmisher (Human Fighter)             Turns: 6789, Time: 00:12:59

Health: -5/62      AC: 17    Str: 19    XL:     8   Next: 60%
Magic:  8/8        EV:  7    Int:  8    God:    Gozag
Gold:   239        SH: 10    Dex: 13    Spells: 7/7 levels left

rFire    . . .     SeeInvis .   B - +2 morningstar (vorpal)
rCold    . . .     Gourm    .   c - +0 kite shield
rNeg     . . .     Faith    .   b - +0 scale mail
rPois    .         Spirit   .   q - +2 helmet
rElec    .         Reflect  .   G - +0 cloak
rCorr    .         Harm     .   g - +1 pair of gloves
MR       .....                  s - +2 pair of boots
Stlth    ..........             (no amulet)
HPRegen  0.20/turn              (no ring)
MPRegen  0.11/turn              (no ring)

@: mighty
A: no striking features
a: Potion Petition, Call Merchant, Bribe Branch, Renounce Religion


You were on level 6 of the Dungeon.
You worshipped Gozag.
Gozag was aware of your devotion.
You were hungry.

You visited 2 branches of the dungeon, and saw 7 of its levels.

You collected 391 gold pieces.
You paid 152 gold pieces to Gozag.

Inventory:

Hand Weapons
 a - a +0 long sword
 B - a +2 vorpal morningstar (weapon)
Missiles
 h - 98 arrows
 n - 21 poisoned darts
 r - 30 sling bullets
 E - 138 stones (quivered)
 Q - 45 bolts
Armour
 b - a +0 scale mail (worn)
 c - a +0 kite shield (worn)
 g - a +1 pair of gloves (worn)
 q - a +2 helmet (worn)
 s - a +2 pair of boots (worn)
 G - a +0 cloak (worn)
Jewellery
 i - an uncursed ring of protection from magic {unknown}
Wands
 f - a wand of flame (21)
 H - a wand of polymorph (8)
Scrolls
 k - 7 scrolls of identify {unknown}
 o - a scroll of magic mapping {unknown}
 t - a scroll of teleportation
 u - a scroll of remove curse {unknown}
 y - a scroll of amnesia {unknown}
 A - 2 scrolls of fear {unknown}
 C - a scroll of enchant weapon {unknown}
 D - a scroll of enchant armour {unknown}
Potions
 d - a potion of might
 j - 4 potions of curing {unknown}
 l - a potion of haste {unknown}
 m - 3 potions of lignification {unknown}
 p - 3 potions of berserk rage {unknown}
 v - a potion of cancellation {unknown}
 w - a potion of mutation {unknown}
 x - 5 potions of brilliance {unknown}
 z - 2 potions of degeneration {unknown}
 F - a potion of heal wounds {unknown}
 I - a potion of magic {unknown}
Comestibles
 e - 4 rations


   Skills:
 + Level 5.3 Fighting
 - Level 3.0 Long Blades
 * Level 3.4 Maces & Flails
 - Level 3.4 Throwing
 + Level 5.3 Armour
 + Level 5.3 Shields


You had 7 spell levels left.
You didn't know any spells.
Your spell library contained the following spells:

 Spells                   Type           Power        Failure   Level  Hunger
 Magic Dart               Conj           #...         99%         1    ##.....
 Blink                    Tloc           N/A          100%        2    ###....
 Call Imp                 Summ           #.......     100%        2    ###....
 Slow                     Hex            #.......     100%        2    ###....
 Conjure Flame            Conj/Fire      #.......     100%        3    ####...
 Mephitic Cloud           Conj/Pois/Air  #.......     100%        3    ####...


Dungeon Overview and Level Annotations

Branches:
Dungeon (6/15)             Temple (1/1) D:6

Altars:
Ashenzari
Cheibriados
Elyvilon
Fedhas
Gozag
Kikubaaqudgha
Makhleb
Nemelex Xobeh
Qazlal
Ru
Trog
Wu Jian
Yredelemnul

Annotations:
D:1 exclusion: downstairs
D:2 exclusion: 2 downstairs
D:4 3 runed translucent doors, rozman's ghost, amateur BaSk
D:6 Prince Ribbit


Message History

The electric eel shoots out a bolt of lightning at you!
The bolt of electricity misses you. The bolt of electricity hits you.
* * * LOW HITPOINT WARNING * * *
You take 5 damage, and have 23/62 hp.
You completely miss Prince Ribbit. You block Prince Ribbit's attack.
The electric eel shoots out a bolt of lightning at you!
The bolt of electricity hits you.
* * * LOW HITPOINT WARNING * * *
The bolt of electricity hits you!
* * * LOW HITPOINT WARNING * * *
Prince Ribbit hits you.
* * * LOW HITPOINT WARNING * * *
You take 20 damage, and have 3/62 hp.
GAME OVER YEAH!!
You feel very mighty all of a sudden. Prince Ribbit misses you.
The electric eel shoots out a bolt of lightning at you!
The bolt of electricity hits you!
You die...
Your body crumbles into a pile of gold.

#.##.####.# #.#.##
#.........####.#.#
####.######....#.#
#.######)####.#
#.##........#.##
#.##.##..)......
#.##.##..#....##
.##.#####.##.##..#.>..#
...(((F@.........#....##
###.....................
........................
........................
≈.≈≈..≈≈≈≈.≈....)≈..≈≈≈≈
≈≈≈≈;≈≈≈≈≈≈≈.....≈≈≈≈≈≈≈
≈≈≈≈≈≈≈≈≈≈≈≈≈....≈≈≈≈≈≈≈
≈≈≈≈≈≈≈≈≈≈≈≈≈.....≈≈≈≈≈≈
######''########

Skill      XL: |  1  2  3  4  5  6  7  8 |
---------------+-------------------------+-----
Long Blades    | 3 |  3.0
Throwing       | 1 2 3 |  3.4
Shields        | 4 5 |  5.3
Fighting       | 4 5 |  5.3
Armour         | 4 5 |  5.3
Maces & Flails | 2 3 |  3.4

Notes
Turn   | Place    | Note
-------+----------+-------------------------------------------
     0 | D:1      | hehateme the Human Fighter began the quest for the Orb.
     0 | D:1      | Reached XP level 1. HP: 18/18 MP: 1/1
   221 | D:1      | Reached XP level 2. HP: 24/24 MP: 2/2
  1159 | D:2      | Reached XP level 3. HP: 19/29 MP: 3/3
  1660 | D:2      | Reached XP level 4. HP: 35/35 MP: 4/4
  2593 | D:3      | Reached XP level 5. HP: 42/42 MP: 5/5
  2601 | D:3      | Noticed Jessica
  2721 | D:3      | Reached skill level 3 in Long Blades
  3018 | D:3      | Noticed Robin
  3101 | D:2      | Killed Robin
  3330 | D:3      | Reached skill level 1 in Throwing
  3339 | D:2      | Reached skill level 4 in Shields
  3341 | D:2      | Reached XP level 6. HP: 34/48 MP: 6/6
  3427 | D:3      | Reached skill level 4 in Fighting
  3427 | D:3      | Reached skill level 4 in Armour
  3830 | D:3      | Killed Jessica
  3830 | D:3      | Reached skill level 2 in Throwing
  4317 | D:4      | Found a runed translucent gate.
  4317 | D:4      | Found a runed translucent gate.
  4317 | D:4      | Found a runed translucent gate.
  4324 | D:4      | Noticed rozman's ghost (amateur BaSk)
  4374 | D:4      | Reached XP level 7. HP: 31/54 MP: 7/7
  4550 | D:4      | Reached skill level 3 in Throwing
  4648 | D:4      | Noticed Blork the orc
  4667 | D:4      | Killed Blork the orc
  4986 | D:5      | Entered Level 5 of the Dungeon
  5193 | D:5      | Noticed Sigmund
  5193 | D:5      | Noticed Eustachio
  5444 | D:5      | Found a white marble altar of Elyvilon.
  5466 | D:5      | Reached skill level 1 in Maces & Flails
  5662 | D:5      | Killed Eustachio
  5662 | D:5      | Reached skill level 2 in Maces & Flails
  5662 | D:5      | Reached XP level 8. HP: 54/61 MP: 8/8
  5844 | D:5      | Reached skill level 5 in Fighting
  5844 | D:5      | Reached skill level 5 in Armour
  5844 | D:5      | Reached skill level 5 in Shields
  5920 | D:5      | Killed Sigmund
  5920 | D:5      | Reached skill level 3 in Maces & Flails
  6374 | D:6      | Found a staircase to the Ecumenical Temple.
  6382 | Temple   | Entered the Ecumenical Temple
  6445 | Temple   | Became a worshipper of Gozag Ym Sagoz the Greedy
  6781 | D:6      | Noticed Prince Ribbit
  6788 | D:6      | HP: 4/62 [electric eel/bolt of electricity (13)]
  6789 | D:6      | Killed from afar by an electric eel

Table legend:
 A = Turns spent in this place as a percentage of turns spent in the entire game.
 B = Non-inter-level travel turns spent in this place as a percentage of non-inter-level travel turns spent in the entire game.
 C = Inter-level travel turns spent in this place as a percentage of turns spent in this place.
 D = Turns resting spent in this place as a percentage of non-inter-level travel turns spent in this place.
 E = Turns spent auto-exploring this place as a percentage of non-inter-level travel turns spent in this place.
 F = Non-inter-level travel turns spent in this place divided by the number of levels of this place that you've seen.
                   A       B       C       D       E      F
               +-------+-------+-------+-------+-------+----------------------
         Total | 100.0 | 100.0 |   7.4 |  23.6 |  56.9 | 897.9
       Dungeon |  98.4 |  99.0 |   6.9 |  23.8 |  56.5 | 1036.7
        Temple |   1.6 |   1.0 |  41.4 |   0.0 |  93.8 |  65.0
               +-------+-------+-------+-------+-------+----------------------

Table legend:
 A = Kills in this place as a percentage of kills in entire the game.
 B = Kills by you in this place as a percentage of kills by you in the entire game.
 C = Kills by friends in this place as a percentage of kills by friends in the entire game.
 D = Other kills in this place as a percentage of other kills in the entire game.
 E = Experience gained in this place as a percentage of experience gained in the entire game.
 F = Experience gained in this place divided by the number of levels of this place that you have seen.
                   A       B       C       D       E      F
               +-------+-------+-------+-------+-------+----------------------
         Total | 100.0 | 100.0 |   N/A |   N/A | 100.0 | 228.1
       Dungeon | 100.0 | 100.0 |   N/A |   N/A | 100.0 | 266.2
               +-------+-------+-------+-------+-------+----------------------

Action                   |  1- 3 |  4- 6 |  7- 9 || total
-------------------------+-------+-------+-------++-------
Melee: Long sword        |    84 |   249 |    26 ||   359
       Morningstar       |       |       |    93 ||    93
Throw: Stone             |    39 |   102 |    81 ||   222
  Use: Scroll            |       |       |     1 ||     1
       Potion            |       |       |     1 ||     1
  Eat: Chunk             |     2 |     6 |     4 ||    12
       Ration            |       |     1 |     1 ||     2
Armor: Scale mail        |    35 |   168 |    57 ||   260
Dodge: Dodged            |    27 |   115 |    37 ||   179
Block: Kite shield       |    50 |   157 |    65 ||   272
       Rpst.: Long sword |     5 |    33 |     4 ||    42

Vanquished Creatures
  Eustachio (D:5)
  Sigmund (D:5)
  An ogre (D:4)
  A centaur (D:5)
  Blork the orc (D:4)
  A howler monkey (D:5)
  A crimson imp (D:5)
  2 hounds (D:4)
  A bullfrog skeleton (D:4)
  A centaur skeleton (D:4)
  Jessica (D:3)
  2 orc wizards (D:6)
  A worker ant zombie (D:6)
  Robin (D:2)
  12 gnolls
  6 adders
  2 shadow imps
  2 adder skeletons
  3 dart slugs
  4 worms
  4 leopard geckos
  15 orcs
  3 giant cockroaches
  18 goblins
  8 hobgoblins
  3 quokkas
  A ball python skeleton (D:4)
  12 bats
  2 frilled lizards
  5 kobolds
  A leopard gecko skeleton (D:3)
  10 rats
127 creatures vanquished. You could see Prince Ribbit and an electric eel.

Levels and vault maps discovered:
D:1:      giann_bridges, layout_basic, dk_noncrumbling_4, minmay_misc_feat_x,
          hangedman_decor_lopped, hangedman_glass_teeth
D:2:      layout_basic, minmay_pentomino_o4
D:3:      minmay_spotlight, layout_rooms, uniq_jessica, uniq_robin
D:4:      layout_rooms, gammafunk_ghost_split, uniq_blork_the_orc
D:5:      layout_rooms, first_ration, elyvilon_altar_5, uniq_eustachio,
          uniq_sigmund
D:6:      minmay_goblin_kobold_castle, layout_loops_ring,
          minmay_temple_entry_junction, grunt_ministairs_10,
          nicolae_gozag_zags_fifth_avenue, uniq_prince_ribbit1, uniq_edmund
Temple:   minmay_crystal_snake_temple
